ORI
CALIFORNIA STATE UNIVERSITY AT FULLERTON TITANS @ UNIVERSITY OF NEBRASKA CORNHUSKERS
10/30/2047
 
TOP OF THE 1ST
Arizona State University Sun Devils batting - Pitching for University of Georgia Bulldogs : RHP Raul Ledesma
Pitching: RHP Raul Ledesma
Batting: RHB Tchaa Kombate 0-0: Swinging Strike
0-1: Ball
1-1: Fly out, F6 (Flyball, 56D, EV 88.8 MPH)
Batting: RHB Wilfrid Telgen 0-0: Foul Ball, location: 2F
0-1: Ball
1-1: Fly out, F9 (Flyball, 9S, EV 88.1 MPH)
Batting: LHB Pedro Garza 0-0: Fly out, F3 (Line Drive, 3, EV 68.1 MPH)
Top of the 1st over - 0 runs, 0 hits, 0 errors, 0 left on base; Arizona State University 0 - University of Georgia 0
BOTTOM OF THE 1ST
University of Georgia Bulldogs batting - Pitching for Arizona State University Sun Devils : LHP Nobutoshi Irie
Pitching: LHP Nobutoshi Irie
Batting: RHB Andy Villarreal 0-0: Ball
1-0: Called Strike
1-1: SOLO HOME RUN (Flyball, 7LD, EV 92.5 MPH), Distance : 334 ft
Batting: RHB Jaquan Brown 0-0: Ball
1-0: Ball
2-0: Foul Ball, location: 2F
2-1: Fly out, F9 (Flyball, 9S, EV 81.9 MPH)
Batting: RHB Terry Oetker 0-0: Ball
1-0: Swinging Strike
1-1: Swinging Strike
1-2: Ball
2-2: Ball
3-2: SINGLE (Groundball, 56D, EV 97.5 MPH)
Batting: RHB Homer Petropoulos 0-0: Ball
1-0: Foul Ball, location: 2F
1-1: Swinging Strike
1-2: Strikes out swinging
Batting: LHB Mike Holland 0-0: Called Strike
0-1: Ball
1-1: Foul Ball, location: 2F
1-2: Ball
2-2: Strikes out swinging
Bottom of the 1st over - 1 run, 2 hits, 0 errors, 1 left on base; Arizona State University 0 - University of Georgia 1
TOP OF THE 2ND
Arizona State University Sun Devils batting - Pitching for University of Georgia Bulldogs : RHP Raul Ledesma
Batting: SHB Joan Coucieiro 0-0: Ball
1-0: Foul Ball, location: 2F
1-1: Foul Ball, location: 2F
1-2: Foul Ball, location: 2F
1-2: Foul Ball, location: 2F
1-2: Ball
2-2: Foul Ball, location: 2F
2-2: Foul Ball, location: 2F
2-2: Strikes out swinging
Batting: LHB Eddie Lemus 0-0: Ball
1-0: SINGLE (Groundball, 6S, EV 65.0 MPH) (infield hit)
Batting: LHB Brett Mroz 0-0: Ball
1-0: Swinging Strike
1-1: Ball
2-1: Called Strike
2-2: DOUBLE (Line Drive, 3D, EV 102.5 MPH)
Eddie Lemus to third
Batting: RHB Alonzo Cardona 0-0: Swinging Strike
0-1: Ground out 1-3 (Groundball, 13S, EV 77.5 MPH)
Batting: LHB Kenny Jackson 0-0: Foul Ball, location: 2F
0-1: Ball
1-1: Ball
2-1: DOUBLE (Groundball, 3L, EV 95.6 MPH)
Eddie Lemus scores
Brett Mroz scores
Batting: RHB Adrian Quilantan 0-0: Ball
1-0: Ground out 5-3 (Groundball, 5, EV 76.9 MPH)
Top of the 2nd over - 2 runs, 3 hits, 0 errors, 1 left on base; Arizona State University 2 - University of Georgia 1
BOTTOM OF THE 2ND
University of Georgia Bulldogs batting - Pitching for Arizona State University Sun Devils : LHP Nobutoshi Irie
Batting: RHB Dou-wan Pan 0-0: Ball
1-0: Reached on error, E5 (Groundball, 56, EV 78.1 MPH)
Batting: RHB Nate McCormick 0-0: Fly out, F7 (Flyball, 78D, EV 101.9 MPH)
Batting: RHB Tsugio Yamaguchi 0-0: Ball
1-0: SINGLE (Groundball, 6MS, EV 86.9 MPH) (infield hit)
Dou-wan Pan to second
Batting: SHB Jim Unknown 0-0: Ball
1-0: Called Strike
1-1: Foul Ball, location: 2F
1-2: Ball
2-2: Ball
3-2: Grounds into double play, 1-6-3 (Groundball, 34S, EV 62.5 MPH)
Bottom of the 2nd over - 0 runs, 1 hit, 1 error, 1 left on base; Arizona State University 2 - University of Georgia 1
TOP OF THE 3RD
Arizona State University Sun Devils batting - Pitching for University of Georgia Bulldogs : RHP Raul Ledesma
Batting: RHB Tchaa Kombate 0-0: Ball
1-0: Foul Ball, location: 2F
1-1: Ball
2-1: Foul Ball, location: 2F
2-2: Strikes out looking
Batting: RHB Wilfrid Telgen 0-0: Ball
1-0: Foul Ball, location: 2F
1-1: Ball
2-1: Ball
3-1: Called Strike
3-2: Foul Ball, location: 2F
3-2: Foul Ball, location: 2F
3-2: Foul Ball, location: 2F
3-2: Base on Balls
Batting: LHB Pedro Garza 0-0: Ball
1-0: Fly out, F6 (Line Drive, 4M, EV 81.9 MPH)
Batting: SHB Joan Coucieiro 0-0: Ball
1-0: Ball
2-0: Called Strike
2-1: Called Strike
2-2: Foul Ball, location: 2F
2-2: Foul Ball, location: 2F
2-2: Foul Ball, location: 2F
2-2: 2-RUN HOME RUN (Flyball, 9LD, EV 91.2 MPH), Distance : 325 ft
Batting: LHB Eddie Lemus 0-0: Ball
1-0: Called Strike
1-1: Foul Ball, location: 2F
1-2: Ball
2-2: Foul Ball, location: 2F
2-2: DOUBLE (Flyball, 78XD, EV 105.6 MPH)
Pitching: LHP Dan Hardy
Batting: LHB Brett Mroz 0-0: Ball
1-0: Ground out 3-1 (Groundball, 34, EV 106.9 MPH)
Top of the 3rd over - 2 runs, 2 hits, 0 errors, 1 left on base; Arizona State University 4 - University of Georgia 1
BOTTOM OF THE 3RD
University of Georgia Bulldogs batting - Pitching for Arizona State University Sun Devils : LHP Nobutoshi Irie
Batting: RHB Andy Villarreal 0-0: Foul Ball, location: 2F
0-1: Foul Ball, location: 2F
0-2: Single, Error in OF, E8, batter to second base (Groundball, 4MD, EV 94.4 MPH)
Batting: RHB Jaquan Brown 0-0: 2-RUN HOME RUN (Flyball, 9D, EV 90.0 MPH), Distance : 351 ft
Batting: RHB Terry Oetker 0-0: Called Strike
0-1: Ball
1-1: Ball
2-1: Called Strike
2-2: Ball
3-2: SINGLE (Line Drive, 8RS, EV 105.6 MPH)
Batting: RHB Homer Petropoulos 0-0: Foul Ball, location: 2F
0-1: Ball
1-1: SINGLE (Line Drive, 6M, EV 98.1 MPH)
Terry Oetker to second
Batting: LHB Mike Holland 0-0: Grounds into double play, 1-4-3 (Groundball, 15S, EV 70.6 MPH)
Terry Oetker to third
Batting: RHB Dou-wan Pan 0-0: Ball
1-0: Called Strike
1-1: Foul Ball, location: 2F
1-2: Ball
2-2: Ground out 6-3 (Groundball, 6, EV 84.4 MPH)
Bottom of the 3rd over - 2 runs, 4 hits, 1 error, 1 left on base; Arizona State University 4 - University of Georgia 3
TOP OF THE 4TH
Arizona State University Sun Devils batting - Pitching for University of Georgia Bulldogs : LHP Dan Hardy
Batting: RHB Alonzo Cardona 0-0: Ball
1-0: Swinging Strike
1-1: Ball
2-1: SINGLE (Groundball, 6MD, EV 100.6 MPH)
Batting: LHB Kenny Jackson 0-0: Fielders Choice at 2nd, 4-6 (Groundball, 4, EV 83.8 MPH)
Batting: RHB Adrian Quilantan 0-0: Grounds into double play, 5-4-3 (Groundball, 5S, EV 81.9 MPH)
Top of the 4th over - 0 runs, 1 hit, 0 errors, 0 left on base; Arizona State University 4 - University of Georgia 3
BOTTOM OF THE 4TH
University of Georgia Bulldogs batting - Pitching for Arizona State University Sun Devils : LHP Nobutoshi Irie
Batting: RHB Nate McCormick 0-0: Ball
1-0: Ground out U3 (Groundball, 3S, EV 83.8 MPH)
Batting: RHB Tsugio Yamaguchi 0-0: Ball
1-0: Foul Ball, location: 2F
1-1: SINGLE (Groundball, 6MD, EV 96.9 MPH)
Batting: SHB Jim Unknown 0-0: Foul Ball, location: 2F
0-1: Ball
1-1: Called Strike
1-2: Strikes out looking
Batting: RHB Andy Villarreal 0-0: Ball
Pickoff Throw to First - Error! E1
Tsugio Yamaguchi to second
1-0: Ball
2-0: Ground out 6-3 (Groundball, 6, EV 107.5 MPH)
Bottom of the 4th over - 0 runs, 1 hit, 1 error, 1 left on base; Arizona State University 4 - University of Georgia 3
TOP OF THE 5TH
Arizona State University Sun Devils batting - Pitching for University of Georgia Bulldogs : LHP Dan Hardy
Batting: RHB Tchaa Kombate 0-0: Fly out, F7 (Line Drive, 7, EV 109.4 MPH)
Batting: RHB Wilfrid Telgen 0-0: Called Strike
0-1: Ball
1-1: Foul Ball, location: 2F
1-2: SINGLE (Groundball, 56D, EV 105.0 MPH)
Batting: LHB Pedro Garza 0-0: Ball
1-0: Ball
2-0: Fly out, F8 (Flyball, 8RD, EV 100.0 MPH)
Batting: SHB Joan Coucieiro 0-0: Ball
Wilfrid Telgen steals 2nd base
1-0: Called Strike
1-1: Ball
2-1: Called Strike
2-2: Ball
3-2: Foul Ball, location: 2F
3-2: Base on Balls
Batting: LHB Eddie Lemus 0-0: Ball
1-0: Ball
2-0: Ball
3-0: Base on Balls
Wilfrid Telgen to third
Joan Coucieiro to second
Batting: LHB Brett Mroz 0-0: Ball
1-0: Ball
2-0: Called Strike
2-1: Ball
3-1: Foul Ball, location: 2F
3-2: Foul Ball, location: 2F
3-2: Foul Ball, location: 2F
3-2: Fly out, F7 (Line Drive, 78M, EV 98.8 MPH)
Top of the 5th over - 0 runs, 1 hit, 0 errors, 3 left on base; Arizona State University 4 - University of Georgia 3
BOTTOM OF THE 5TH
University of Georgia Bulldogs batting - Pitching for Arizona State University Sun Devils : LHP Nobutoshi Irie
Batting: RHB Jaquan Brown 0-0: SINGLE (Groundball, 34D, EV 106.9 MPH)
Batting: RHB Terry Oetker 0-0: Ball
1-0: Ball
2-0: Ball
3-0: Base on Balls
Jaquan Brown to second
Batting: RHB Homer Petropoulos 0-0: Called Strike
0-1: Ball
Wild Pitch!
Jaquan Brown to third
Terry Oetker to second
1-1: Foul Ball, location: 2F
1-2: Ball
2-2: Foul Ball, location: 2F
2-2: DOUBLE (Flyball, 8RXD, EV 104.4 MPH)
Jaquan Brown scores
Terry Oetker scores
Pitching: RHP Sho Fukumoto
Batting: LHB Mike Holland 0-0: Called Strike
0-1: Called Strike
0-2: Ball
1-2: Ball
2-2: Foul Ball, location: 2F
2-2: Foul Ball, location: 2F
2-2: Ball
3-2: Foul Ball, location: 2F
3-2: Base on Balls
Batting: RHB Dou-wan Pan 0-0: Ball
1-0: Grounds into double play, 3-6-3 (Groundball, 34, EV 100.6 MPH)
Homer Petropoulos to third
Batting: RHB Nate McCormick 0-0: Called Strike
0-1: SINGLE (Groundball, 4S, EV 67.5 MPH) (infield hit)
Homer Petropoulos scores
Batting: RHB Tsugio Yamaguchi 0-0: Ball
1-0: Ground out 4-3 (Groundball, 34, EV 105.6 MPH)
Bottom of the 5th over - 3 runs, 3 hits, 0 errors, 1 left on base; Arizona State University 4 - University of Georgia 6
TOP OF THE 6TH
Arizona State University Sun Devils batting - Pitching for University of Georgia Bulldogs : LHP Dan Hardy
Batting: RHB Alonzo Cardona 0-0: Ball
1-0: Foul Ball, location: 2F
1-1: Ball
2-1: Reached on error, E6 (Groundball, 6M, EV 95.0 MPH)
Pitching: RHP Jim Unknown
Batting: LHB Kenny Jackson 0-0: Ball
1-0: SINGLE (Groundball, 4MD, EV 100.0 MPH)
Alonzo Cardona to third
Batting: RHB Adrian Quilantan 0-0: Called Strike
0-1: Ball
Kenny Jackson is caught stealing 2nd base 2-4
1-1: Ball
Wild Pitch!
Alonzo Cardona scores
2-1: Ball
3-1: Fly out, F8 (Line Drive, 8LM, EV 94.4 MPH)
Pinch Hitting: RHB Arturo Gomez 0-0: Ball
1-0: Called Strike
1-1: Ball
2-1: Ground out U3 (Groundball, 34S, EV 90.0 MPH)
Top of the 6th over - 1 run, 1 hit, 1 error, 0 left on base; Arizona State University 5 - University of Georgia 6
BOTTOM OF THE 6TH
University of Georgia Bulldogs batting - Pitching for Arizona State University Sun Devils : RHP Sho Fukumoto
Now in RF: Arturo Gomez
Batting: SHB Jim Unknown 0-0: SINGLE (Groundball, 34D, EV 103.1 MPH)
Batting: RHB Andy Villarreal 0-0: SINGLE (Line Drive, 89S, EV 85.0 MPH)
Jim Unknown to second
Batting: RHB Jaquan Brown 0-0: SINGLE (Groundball, 13S, EV 70.0 MPH) (infield hit)
Jim Unknown to third
Andy Villarreal to second
Batting: RHB Terry Oetker 0-0: Called Strike
0-1: Ball
1-1: Fly out, F8 (Flyball, 8RXD, EV 78.8 MPH)
Runner from 3rd tags up, SCORES, no throw by CF
Andy Villarreal to third
Batting: RHB Homer Petropoulos 0-0: Ball
Jaquan Brown steals 2nd base
1-0: SINGLE (Line Drive, 8RS, EV 98.8 MPH)
Andy Villarreal scores
Jaquan Brown to third
Throwing error, E8
Jaquan Brown scores
Homer Petropoulos to second
Pitching: RHP Victor de Leon
Batting: LHB Mike Holland 0-0: Called Strike
0-1: Ball
1-1: Ground out 4-3 (Groundball, 4, EV 88.8 MPH)
Homer Petropoulos to third
Batting: RHB Dou-wan Pan 0-0: SINGLE (Groundball, 6D, EV 99.4 MPH)
Homer Petropoulos scores
Batting: RHB Nate McCormick 0-0: Called Strike
0-1: Ball
1-1: Ball
2-1: Foul Ball, location: 2F
2-2: Strikes out swinging
Bottom of the 6th over - 4 runs, 5 hits, 1 error, 1 left on base; Arizona State University 5 - University of Georgia 10
TOP OF THE 7TH
Arizona State University Sun Devils batting - Pitching for University of Georgia Bulldogs : RHP Jim Unknown
Batting: RHB Wilfrid Telgen 0-0: Fly out, F8 (Flyball, 8LD, EV 95.0 MPH)
Batting: LHB Pedro Garza 0-0: Ball
1-0: Foul Ball, location: 2F
1-1: Foul Ball, location: 2F
1-2: Ball
2-2: Ball
3-2: SINGLE (Line Drive, 8RS, EV 96.9 MPH)
Batting: SHB Joan Coucieiro 0-0: Ball
1-0: Ball
2-0: Fielders Choice at 2nd, 1-6 (Groundball, 13S, EV 66.2 MPH)
Batting: LHB Eddie Lemus 0-0: Ball
1-0: Ball
Joan Coucieiro steals 2nd base
2-0: Called Strike
2-1: DOUBLE (Flyball, 78XD, EV 91.2 MPH)
Joan Coucieiro scores
Batting: LHB Brett Mroz 0-0: Ball
1-0: Ball
2-0: Ball
3-0: Called Strike
3-1: Base on Balls
Batting: RHB Alonzo Cardona 0-0: Ball
1-0: Swinging Strike
1-1: Swinging Strike
1-2: Fly out, F4 (Popup, 23, EV 81.9 MPH)
Top of the 7th over - 1 run, 2 hits, 0 errors, 2 left on base; Arizona State University 6 - University of Georgia 10
BOTTOM OF THE 7TH
University of Georgia Bulldogs batting - Pitching for Arizona State University Sun Devils : RHP Victor de Leon
Batting: RHB Tsugio Yamaguchi 0-0: Ball
1-0: Foul Ball, location: 2F
1-1: Ball
2-1: Fly out, F8 (Flyball, 8LXD, EV 96.2 MPH)
Batting: SHB Jim Unknown 0-0: Fly out, F7 (Flyball, 7S, EV 83.8 MPH)
Batting: RHB Andy Villarreal 0-0: Ground out 4-3 (Groundball, 4, EV 105.6 MPH)
Bottom of the 7th over - 0 runs, 0 hits, 0 errors, 0 left on base; Arizona State University 6 - University of Georgia 10
TOP OF THE 8TH
Arizona State University Sun Devils batting - Pitching for University of Georgia Bulldogs : RHP Jim Unknown
Batting: LHB Kenny Jackson 0-0: Ball
1-0: Ball
2-0: Ball
3-0: Called Strike
3-1: Base on Balls
Batting: RHB Adrian Quilantan 0-0: Grounds into double play, 6-4-3 (Groundball, 6, EV 81.2 MPH)
Batting: RHB Arturo Gomez 0-0: Ball
1-0: Ball
2-0: SINGLE (Line Drive, 78M, EV 91.2 MPH)
Batting: RHB Wilfrid Telgen 0-0: Called Strike
0-1: Ball
1-1: SINGLE (Groundball, 6MD, EV 100.0 MPH)
Arturo Gomez to second
Batting: LHB Pedro Garza 0-0: 3-RUN HOME RUN (Flyball, 7D, EV 95.0 MPH), Distance : 352 ft
Pitching: RHP Jim Unknown
Batting: SHB Joan Coucieiro 0-0: SOLO HOME RUN (Flyball, 7D, EV 96.2 MPH), Distance : 370 ft
Batting: LHB Eddie Lemus 0-0: Called Strike
0-1: Ball
1-1: Foul Ball, location: 2F
1-2: Fly out, F9 (Line Drive, 9, EV 90.0 MPH)
Top of the 8th over - 4 runs, 4 hits, 0 errors, 0 left on base; Arizona State University 10 - University of Georgia 10
BOTTOM OF THE 8TH
University of Georgia Bulldogs batting - Pitching for Arizona State University Sun Devils : RHP Victor de Leon
Batting: RHB Jaquan Brown 0-0: Called Strike
0-1: Ball
1-1: Ball
2-1: Ball
3-1: Called Strike
3-2: Foul Ball, location: 2F
3-2: Ground out 3-1 (Groundball, 13, EV 79.4 MPH)
Batting: RHB Terry Oetker 0-0: Called Strike
0-1: Hit by Pitch
Batting: RHB Homer Petropoulos 0-0: Swinging Strike
0-1: Foul Ball, location: 2F
0-2: Fielders Choice at 2nd, 5-4 (Groundball, 56, EV 86.9 MPH)
Batting: SHB Mike Fermin 0-0: Called Strike
0-1: SINGLE (Line Drive, 8LS, EV 105.6 MPH)
Homer Petropoulos to second
Batting: RHB Dou-wan Pan 0-0: Fly out, F7 (Flyball, 7LS, EV 93.1 MPH)
Bottom of the 8th over - 0 runs, 1 hit, 0 errors, 2 left on base; Arizona State University 10 - University of Georgia 10
TOP OF THE 9TH
Arizona State University Sun Devils batting - Pitching for University of Georgia Bulldogs : RHP Jim Unknown
Batting: LHB Brett Mroz 0-0: Ball
1-0: Fly out, F6 (Line Drive, 6, EV 70.0 MPH)
Batting: RHB Alonzo Cardona 0-0: Ground out 4-3 (Groundball, 4, EV 98.8 MPH)
Batting: LHB Kenny Jackson 0-0: Called Strike
0-1: Ball
1-1: Ball
2-1: Ball
3-1: SINGLE (Flyball, 6MD, EV 86.2 MPH)
Batting: RHB Adrian Quilantan 0-0: Ball
1-0: 2-RUN HOME RUN (Line Drive, 7D, EV 98.1 MPH), Distance : 363 ft
Batting: RHB Arturo Gomez 0-0: Ball
1-0: Ball
2-0: Ball
3-0: Base on Balls
Batting: RHB Wilfrid Telgen 0-0: Called Strike
0-1: SINGLE (Groundball, 6D, EV 101.9 MPH)
Arturo Gomez to second
Batting: LHB Pedro Garza 0-0: Called Strike
0-1: Called Strike
0-2: Ball
1-2: 3-RUN HOME RUN (Flyball, 7D, EV 95.6 MPH), Distance : 365 ft
Batting: SHB Joan Coucieiro 0-0: Called Strike
0-1: Ground out 4-3 (Groundball, 4, EV 102.5 MPH)
Top of the 9th over - 5 runs, 4 hits, 0 errors, 0 left on base; Arizona State University 15 - University of Georgia 10
BOTTOM OF THE 9TH
University of Georgia Bulldogs batting - Pitching for Arizona State University Sun Devils : RHP Victor de Leon
Batting: RHB Nate McCormick 0-0: Ball
1-0: Called Strike
1-1: Fly out, F1 (Line Drive, P, EV 65.0 MPH)
Batting: RHB Tsugio Yamaguchi 0-0: SOLO HOME RUN (Flyball, 8RXD, EV 106.9 MPH), Distance : 448 ft
Batting: SHB Jim Unknown 0-0: Ball
1-0: Called Strike
1-1: Foul Ball, location: 2F
1-2: Strikes out swinging
Batting: RHB Andy Villarreal 0-0: Called Strike
0-1: Ball
1-1: Ball
2-1: Ground out 6-3 (Groundball, 6M, EV 79.4 MPH)
Bottom of the 9th over - 1 run, 1 hit, 0 errors, 0 left on base; Arizona State University 15 - University of Georgia 11
Thursday, December 15th , 2022 - OOTP Baseball 23.9 Build 102